 Dungeon Crawl Stone Soup version 0.28-a0-1382-g92835e5c71 (webtiles) character file.

Game seed: 16280188800654646068

98 ders the Magician (level 5, -2/35 HPs)
             Began as a Djinni Fire Elementalist on Jan 1, 2022.
             Slain by a gnoll (5 damage)
             ... on level 2 of the Dungeon.
             The game lasted 00:01:39 (1544 turns).

ders the Magician (Djinni Fire Elementalist)        Turns: 1544, Time: 00:01:40

Health: -2/35      AC:  6    Str:  7    XL:     5   Next: 0%
Gold:   44         EV: 12    Int: 18    God:
                   SH:  0    Dex: 14

rFire   + + .      SeeInvis .   (no weapon)
rCold   x . .      Faith    .   (no shield)
rNeg    . . .      Spirit   .   a - +0 robe
rPois   ∞          Reflect  .   (no helmet)
rElec   .          Harm     .   (no cloak)
rCorr   .          Rampage  .   (no gloves)
Will    .....                   (boots unavailable)
Stlth   ++........              (no amulet)
HPRegen 0.11/turn               c - +4 ring of protection
MPRegen 0.00/turn               (no ring)

@: flying, very slightly contaminated
A: sickness immunity, fire resistance 2, cold vulnerability 1, float, innate
caster, hp casting, extra vitality 1
a: no special abilities


You were on level 2 of the Dungeon.
You visited 1 branch of the dungeon, and saw 2 of its levels.

You collected 44 gold pieces.

Inventory:

Armour
 a - a +0 robe (worn)
 d - a +0 leather armour
Jewellery
 c - a +4 ring of protection (left hand)
Wands
 g - a wand of digging (2)
Scrolls
 b - 2 scrolls of identify {unknown}
Potions
 e - a potion of degeneration {unknown}
 f - a potion of curing {unknown}


   Skills:
 - Level 2.1 Dodging
 - Level 1.5 Stealth
 + Level 4.1 Spellcasting


You couldn't memorise any spells.
You knew the following spells:

 Your Spells              Type           Power      Damage    Failure   Level
a - Foxfire               Conj/Fire      72%        2x1d7     2%          1
b - Scorch                Fire           36%        2d7       4%          2
c - Conjure Flame         Conj/Fire      18%        6-21      8%          3
d - Inner Flame           Hex/Fire       18%        N/A       8%          3
e - Flame Wave            Conj/Fire      18%        2d5       26%         4
f - Sting                 Tmut/Pois      72%        1d6       2%          1
g - Static Discharge      Conj/Air       18%        N/A       4%          2
Your spell library was empty.

Dungeon Overview and Level Annotations

Branches:
Dungeon (2/15)

Altars:

Shops:
D:1 [


Innate Abilities, Weirdness & Mutations

You are immune to sickness and miasma.
You are immune to poison.
Your flesh is very heat resistant. (rF++)
You are vulnerable to cold. (rC-)
You float through the air rather than walking.
You learn spells naturally, not from books.
Your magical power is your life essence.
You have superior vitality. (+4 MHP)


Message History

Casting: Scorch (safe; 4% risk of failure)
Confirm with . or Enter, or press ? or * to list all spells.
Flames lash the gnoll.
You kill the gnoll!
The gnoll is no longer more vulnerable to fire.
The gnoll barely misses you.
Your Spellcasting skill increases to level 4!
The gnoll hits you from afar with a +0 halberd.
Unknown command.
Casting: Scorch (safe; 4% risk of failure)
Confirm with . or Enter, or press ? or * to list all spells.
You miscast Scorch.
Nothing appears to happen.
The gnoll closely misses you.
Casting: Scorch (safe; 4% risk of failure)
Confirm with . or Enter, or press ? or * to list all spells.
Flames lash the gnoll.
The gnoll is almost dead.
The gnoll's fire resistance burns away.
The gnoll completely misses you. The gnoll barely misses you.
The gnoll closely misses you.
The gnoll hits you from afar with a +0 halberd!
* * * LOW HITPOINT WARNING * * *
Unknown command.
Casting: Scorch (safe; 4% risk of failure)
Confirm with . or Enter, or press ? or * to list all spells.
Flames lash the gnoll.
The gnoll is burned terribly!
You kill the gnoll!
* * * LOW HITPOINT WARNING * * *
The gnoll closely misses you.
You have reached level 5!
The power to cast Static Discharge wells up from within.
Spell assigned to 'g'.
The gnoll barely misses you.
Casting: Scorch (safe; 4% risk of failure)
Confirm with . or Enter, or press ? or * to list all spells.
Flames lash the gnoll.
The gnoll is heavily wounded.
The gnoll's fire resistance burns away.
* * * LOW HITPOINT WARNING * * *
The gnoll hits you from afar with a +0 spear.
You die...

. ..# #.# #.#####.# #.#
#.......#### #.#### ######
.#..#.......####....##
#..... ......##.##.#....#
#.####.....
...........†....#
#..........
#.#..#.##.#.#..###.####.....
#.#......g.###....## #.....
#......####@#..#..# #.....
###...## #.......# #.....
#.))# ##..#..## ###### #...#
#.....# #.).. >...#.#.#
#...# ##..#.#.# .....
....#.... ...... ....#.....
#....#


You could see a gnoll (combustible).

Vanquished Creatures
  Jessica (D:2)
  2 gnolls (D:2)
  An adder (D:2)
  A dart slug (D:1)
  3 ball pythons (D:1)
  3 bats (D:1)
  6 endoplasms
  2 giant cockroaches
  5 goblins (D:1)
  2 hobgoblins (D:1)
  4 jackals (D:1)
  2 kobolds
  A quokka (D:2)
  4 frilled lizards (D:1)
  2 rats (D:1)
39 creatures vanquished.

Vanquished Creatures (collateral kills)
  4 foxfires (D:1)
4 creatures vanquished.

Vanquished Creatures (others)
  128 foxfires
  5 fungi (D:2)
  2 plants (D:1)
  3 toadstools (D:2)
138 creatures vanquished.

Grand Total: 181 creatures vanquished

Notes
Turn   | Place    | Note
-------+----------+-------------------------------------------
     0 | D:1      | ders the Djinni Fire Elementalist began the quest for the
                  | Orb.
     0 | D:1      | Reached XP level 1. HP: 15/15 MP: 0/0
   213 | D:1      | Reached XP level 2. HP: 17/21 MP: 0/0
   460 | D:1      | Reached skill level 3 in Spellcasting
   642 | D:1      | Reached XP level 3. HP: 24/25 MP: 0/0
   642 | D:1      | Learned a level 1 spell: Sting
   921 | D:1      | Found Cisoll's Antique Armour Emporium.
  1068 | D:1      | Found a faded altar of an unknown god.
  1405 | D:2      | Reached XP level 4. HP: 28/31 MP: 0/0
  1518 | D:2      | Noticed Jessica
  1524 | D:2      | Killed Jessica
  1533 | D:2      | Reached skill level 4 in Spellcasting
  1538 | D:2      | Reached XP level 5. HP: 4/35 MP: 0/0
  1538 | D:2      | Learned a level 2 spell: Static Discharge
  1544 | D:2      | Slain by a gnoll

Illustrated notes

Levels and vault maps discovered:
D:1:      minmay_arrival_glassed_features, layout_basic, serial_shops,
          shop_fountains, chequers_ecumenical_altar_simple, serial_bayou_pond_c,
          minmay_tripent
D:2:      layout_loops_cross, minmay_gold_behind_fungi, uniq_jessica,
          uniq_terence, uniq_natasha

Skill      XL: |  1  2  3  4 |
---------------+-------------+-----
Spellcasting   | 3 4 |  4.1
Dodging        | |  2.1
Stealth        | |  1.5

Action                   |  1- 3 |  4- 6 || total
-------------------------+-------+-------++-------
 Cast: Foxfire           |    68 |     4 ||    72
       Scorch            |     2 |     7 ||     9
Armor: Robe              |     2 |     2 ||     4
Dodge: Dodged            |     5 |     9 ||    14

Table legend: (Time is in decaauts)
 A = Elapsed time spent in this place.
 B = Non-inter-level travel time spent in this place.
 C = Inter-level travel time spent in this place.
 D = Time resting spent in this place.
 E = Time spent auto-exploring this place.
 F = Levels seen in this place.
 G = Mean time per level.
                   A        B        C        D        E       F      G
               +--------+--------+--------+--------+--------+-----+--------+
         Total |   1543 |   1523 |     20 |      0 |   1269 |   2 |  771.5 |
       Dungeon |   1543 |   1523 |     20 |      0 |   1269 |   2 |  771.5 |
               +--------+--------+--------+--------+--------+-----+--------+

Top non-repeatable levels by time:
     D:1: 1322 daAuts
     D:2: 220 daAuts
